 Dungeon Crawl Stone Soup version 0.25.0-15-gac7dcb8919 (webtiles) character file.

Game seed: 2777191050121691484

77 KleinerIrrer the Magician (level 4, 0/30 HPs)
             Began as a Demonspawn Wizard on June 28, 2020.
             Slain by a goblin (4 damage)
             ... led by Robin
             ... on level 2 of the Dungeon.
             The game lasted 00:05:36 (2530 turns).

KleinerIrrer the Magician (Demonspawn Wizard)       Turns: 2530, Time: 00:05:36

Health: 0/30       AC:  5    Str:  7    XL:     4   Next: 13%
Magic:  8/10       EV: 16    Int: 21    God:
Gold:   25         SH:  0    Dex: 11    Spells: 2/11 levels left

rFire    . . .     SeeInvis .   g - +0 short sword
rCold    . . .     Gourm    .   (no shield)
rNeg     . . .     Faith    .   a - +0 robe
rPois    .         Spirit   .   b - +0 hat
rElec    .         Reflect  .   (no cloak)
rCorr    .         Harm     .   (no gloves)
MR       .....                  i - +0 pair of boots
Stlth    ++........             k - amulet of regeneration
HPRegen  0.50/turn              o - +4 ring of evasion
MPRegen  0.12/turn              (no ring)

@: no status effects
A: slimy green scales 1
a: no special abilities


You were on level 2 of the Dungeon.
You were not hungry.

You visited 1 branch of the dungeon, and saw 2 of its levels.

You collected 25 gold pieces.

Inventory:

Hand Weapons
 g - a +0 short sword (weapon)
Missiles
 p - 14 sling bullets
Armour
 a - a +0 robe (worn)
 b - a +0 hat (worn)
 i - a +0 pair of boots (worn)
Jewellery
 k - an amulet of regeneration (around neck)
 o - a +4 ring of evasion (left hand)
Scrolls
 j - a scroll of magic mapping {unknown}
 m - a scroll of teleportation {unknown}
Potions
 n - a potion of resistance {unknown}
Comestibles
 d - a ration
 l - 3 chunks of flesh


   Skills:
 + Level 2.2 Dodging
 + Level 2.4 Stealth
 + Level 4.0 Spellcasting
 + Level 1.6 Conjurations
 - Level 1.0 Summonings
   Level 0.8 Translocations


You had 2 spell levels left.
You knew the following spells:

 Your Spells              Type           Power        Failure   Level  Hunger
a - Magic Dart            Conj           ##..         6%          1    None
b - Call Imp              Summ           #.......     12%         2    #......
c - Mephitic Cloud        Conj/Pois/Air  #.......     28%         3    ###....
d - Conjure Flame         Conj/Fire      #.......     26%         3    ###....

Your spell library contained the following spells:

 Spells                   Type           Power        Failure   Level  Hunger
 Blink                    Tloc           N/A          13%         2    #......
 Slow                     Hex            #.......     19%         2    #......


Dungeon Overview and Level Annotations

Branches:
Dungeon (2/15)

Altars:


Innate Abilities, Weirdness & Mutations

You are partially covered in slimy green scales. (AC +2)


Message History

* * * LOW HITPOINT WARNING * * *
The goblin hits you.
* * * LOW HITPOINT WARNING * * *
Casting: Magic Dart (safe; 6% risk of failure)
Confirm with . or Enter, or press ? or * to list all spells.
Aiming: Magic Dart (safe; 6% risk of failure)
Press: ? - help, Shift-Dir - straight line, f/p - gnoll
Aim: a gnoll, wielding a +0 spear (almost dead)
The magic dart hits the gnoll.
The gnoll is almost dead.
The gnoll barely misses you. The goblin misses you.
Casting: Magic Dart (safe; 6% risk of failure)
Confirm with . or Enter, or press ? or * to list all spells.
Aiming: Magic Dart (safe; 6% risk of failure)
Press: ? - help, Shift-Dir - straight line, f/p - gnoll
Aim: a gnoll, wielding a +0 spear (almost dead)
The magic dart hits the gnoll.
The gnoll is almost dead.
The gnoll completely misses you. The goblin hits you.
You die...

#### ..# #.#
#########.##################
#..........................(
#..####.##################
#....(..g@g....#
##.#..#.####.....# #..#.#
....# #..#.# ...# #####
#S.#.# ..# #.... ..g#<# .#
#.... ....#.# # #....
.....#.# #.... #.#.... #....


You could see a gnoll and a goblin.

Vanquished Creatures
  A gnoll (D:2)
  An adder (D:2)
  A worm (D:2)
  5 dart slugs
  A leopard gecko (D:2)
  3 bats (D:1)
  3 giant cockroaches (D:1)
  2 goblins (D:1)
  4 hobgoblins (D:1)
  A quokka (D:2)
  A frilled lizard (D:2)
  4 kobolds
  5 rats
32 creatures vanquished.

Vanquished Creatures (collateral kills)
  2 gnolls (D:2)
2 creatures vanquished.

Grand Total: 34 creatures vanquished

Notes
Turn   | Place    | Note
-------+----------+-------------------------------------------
     0 | D:1      | KleinerIrrer the Demonspawn Wizard began the quest for the
                  | Orb.
     0 | D:1      | Reached XP level 1. HP: 13/13 MP: 4/4
   489 | D:1      | Gained mutation: You are partially covered in slimy green
                  | scales. (AC +2) [demonic ancestry]
   489 | D:1      | Reached XP level 2. HP: 15/19 MP: 1/6
  1046 | D:1      | Learned a level 2 spell: Call Imp
  1505 | D:1      | Reached XP level 3. HP: 24/24 MP: 0/8
  2363 | D:2      | Learned a level 3 spell: Mephitic Cloud
  2367 | D:2      | Learned a level 3 spell: Conjure Flame
  2453 | D:2      | Reached XP level 4. HP: 30/30 MP: 7/9
  2517 | D:2      | Reached skill level 4 in Spellcasting
  2530 | D:2      | Slain by a goblin

Illustrated notes

Levels and vault maps discovered:
D:1:      shiori_arrival_oz, layout_loops_corners, minmay_tromino_v4_c
D:2:      layout_basic, roderic_lattice_a, uniq_robin

Skill      XL: |  1  2  3  4 |
---------------+-------------+-----
Stealth        | 2 |  2.4
Dodging        | 2 |  2.2
Spellcasting   | 4 |  4.0
Conjurations   | |  1.6
Summonings     | |  1.0
Translocations | |  0.8

Action                   |  1- 3 |  4- 6 || total
-------------------------+-------+-------++-------
Melee: Unarmed           |    10 |       ||    10
       Short sword       |    22 |     9 ||    31
       Club              |     2 |       ||     2
 Cast: Magic Dart        |   102 |    10 ||   112
       Call Imp          |     3 |       ||     3
       Conjure Flame     |       |     1 ||     1
  Use: Potion            |       |     4 ||     4
 Stab: Sleeping          |     2 |       ||     2
  Eat: Chunk             |     5 |       ||     5
Armor: Robe              |    25 |     2 ||    27
       Skin              |       |     3 ||     3
Dodge: Dodged            |    55 |    19 ||    74
